 Dungeon Crawl Stone Soup version 0.30-a0-924-g0ad0bf95bc (webtiles) character file.

Game seed: 9990519634756287460

3404 HoaS the Skirmisher (level 10, -10/67 HPs)
             Began as a Formicid Hunter on Mar 22, 2023.
             Was an Elder of Zin.
             Mangled by a two-headed ogre
             ... wielding a +0 giant club
              (11 damage)
             ... on level 8 of the Dungeon.
             The game lasted 00:14:26 (6873 turns).

HoaS the Skirmisher (Formicid Hunter)               Turns: 6873, Time: 00:14:26

Health: -10/67     AC: 10    Str: 15    XL:     10   Next: 24%
Magic:  13/13      EV: 12    Int: 10    God:    Zin [****..]
Gold:   440        SH:  0    Dex: 27    Spells: 9/9 levels left

rFire   . . .      SeeInvis +    a - +5 shortbow
rCold   . . .      Faith    .    (no shield)
rNeg    . . .      Spirit   .    c - +1 leather armour
rPois   .          Reflect  .    (helmet unavailable)
rElec   .          Rampage  .    i - +2 cloak
rCorr   +                        h - +2 pair of gloves
Will    +....                    (no boots)
Stlth   ++                       (no amulet)
HPRegen 0.31/turn                g - +6 ring of dexterity
MPRegen 0.13/turn                j - ring of resist corrosion

@: lethally poisoned (-10 -> -15)
A: permanent stasis, dig shafts and tunnels, antennae 3, four strong arms
a: Dig, Shaft Self, Renounce Religion, Recite, Vitalisation, Imprison, Donate
Gold


You were on level 8 of the Dungeon.
You worshipped Zin.
Zin was greatly pleased with you.
You visited 1 branch of the dungeon, and saw 8 of its levels.
You also visited: Ossuary.

You collected 488 gold pieces.
You donated 48 gold pieces to Zin.

Inventory:

Hand Weapons
 a - a +5 shortbow (weapon)
Armour
 c - a +1 leather armour (worn)
 h - a +2 pair of gloves (worn)
 i - a +2 cloak (worn)
Jewellery
 g - a +6 ring of dexterity (left hand)
 j - a ring of resist corrosion (right hand)
Wands
 p - a wand of mindburst (13)
Scrolls
 b - 4 scrolls of immolation
 k - a scroll of fear
 o - a scroll of poison
Potions
 e - a potion of flight
 f - a potion of attraction
 l - 3 potions of invisibility
 m - 4 potions of curing
 t - 2 potions of resistance
 u - a potion of might {unknown}


   Skills:
 - Level 2.1 Fighting
 * Level 13.9 Ranged Weapons
 - Level 1.7 Dodging
 - Level 1.2 Stealth
 - Level 4.0 Invocations


You had 9 spell levels left.
You didn't know any spells.
Your spell library contained the following spells:

 Spells                   Type           Power      Damage    Failure   Level
 Apportation              Tloc           0%         N/A       43%         1
 Necrotise                Necr           0%         1d4       43%         1
 Summon Small Mammal      Summ           0%         N/A       43%         1
 Dazzling Flash           Conj/Hex       0%         N/A       80%         3
 Gell's Gravitas          Tloc           0%         N/A       80%         3
 Ignite Poison            Fire/Tmut/Pois 0%         N/A       80%         3
 Kindle Blastsparks       Fire/Tloc/Air  0%         2d10      80%         3
 Teleport Other           Tloc           0%         N/A       80%         3
 Vhi's Electric Charge    Tloc/Air       0%         N/A       80%         3
 Iskenderun's Mystic Bla  Conj/Tloc      0%         2d3       99%         4
 Petrify                  Tmut/Erth      0%         N/A       99%         4
 Arcjolt                  Conj/Air       0%         1d10      100%        5
 Freezing Cloud           Conj/Ice/Air   0%         6-21      100%        5
 Metabolic Englaciation   Hex/Ice        0%         N/A       100%        5
 Dispersal                Tloc           0%         N/A       100%        6
 Starburst                Conj/Fire      0%         6d3       100%        6
 Statue Form              Tmut/Erth      0%         N/A       100%        6
 Maxwell's Capacitive Co  Air            0%         ∞         100%        8


Dungeon Overview and Level Annotations

Branches:
Dungeon (8/15)             Temple (0/1) D:6         Ossuary (visited)
   Lair: D:8-11

Altars:
Elyvilon
Gozag
Okawaru
Qazlal
Xom
Zin
The Shining One

Shops:
D:1 [   D:8 ?

Annotations:
D:3 Jessica


Innate Abilities, Weirdness & Mutations

You cannot be hasted, slowed, berserked, paralysed or teleported.
You can dig through walls and to a lower floor.
You have a pair of large antennae on your head. (SInv)
Your four strong arms can wield two-handed weapons with a shield.


Message History

You shoot an arrow. The arrow hits the steam dragon!
The steam dragon is severely wounded.
You shoot an arrow. The arrow hits the steam dragon!
You kill the steam dragon!
You see here a wyvern corpse.
An orc wizard comes into view. It is wielding a +1 dagger of venom.
A two-headed ogre comes into view. It is wielding two +0 giant clubs.
You shoot an arrow.
The arrow closely misses the orc wizard.
The orc wizard casts a spell at you. The magic dart hits you.
You shoot an arrow. The arrow hits the orc wizard.
The orc wizard is lightly wounded.
You shoot an arrow. The arrow barely misses the orc wizard.
The orc wizard hits you with a +1 dagger of venom.
You are poisoned.
An orc comes into view. It is wielding a +0 dagger.
You shoot an arrow.
The arrow closely misses the orc wizard.
You feel very sick. The orc wizard barely misses you.
You shoot an arrow. The arrow hits the orc wizard!
The orc wizard is almost dead.
You feel very sick.
The orc wizard gestures at you while chanting.
The magic dart hits you!
Okay, then.
Are you sure you want to shaft yourself?
You feel sick.
The two-headed ogre hits you with a +0 giant club!!
* * * LOW HITPOINT WARNING * * *
The two-headed ogre hits you with a +0 giant club!
* * * LOW HITPOINT WARNING * * *
The orc wizard closely misses you. The orc completely misses you.
You begin to dig a shaft.
You continue digging a shaft.
The sentinel's mark upon you fades away.
* * * LOW HITPOINT WARNING * * *
You feel sick. The two-headed ogre closely misses you.
The two-headed ogre hits you with a +0 giant club!
You die...

#..#..#..##...)....#
####..#.....##.########
#..#..#.....##.# #
#..#.....#..##†# ## #.
#..#...........##...#
#..#.......####..........
.#..#......####...♣♣♣..##.
..)..)).J.o......♣# .#
#.###.#.##o@O....♣ .#
#.).########.♣ .#
#.###.#.# #..♣ # #.......#
#.... ... ...####.##
###+## [.# #.# #.# ..# #.#
#.### ..## #.# #.#.##
...###.####....###


You could see a two-headed ogre, a jelly, an orc wizard and an orc.

Vanquished Creatures
  A two-headed ogre (D:7)
  Sigmund (D:3)
  2 wyverns
  2 steam dragons
  Menkaure (D:4)
  An acid dragon (D:6)
  2 water moccasins
  An ice beast (D:6)
  A black bear (D:7)
  2 ogres
  2 centaurs
  A phantom (D:4)
  3 bullfrogs (D:7)
  A gnoll sergeant (D:7)
  A scorpion (D:5)
  A wight (D:8)
  2 hounds
  Crazy Yiuf (D:4)
  A gnoll bouda (D:8)
  2 orc priests
  Natasha (D:3)
  An iguana (D:5)
  3 sleepcaps
  An orc wizard (D:7)
  4 mummies (Ossuary)
  12 gnolls
  8 adders
  A white imp (D:5)
  An ufetubus (D:7)
  A worm (D:3)
  5 dart slugs
  19 orcs
  5 ball pythons
  8 endoplasms
  3 giant cockroaches
  2 gnoll zombies (Ossuary)
  7 goblins
  5 hobgoblins
  6 kobolds
  5 quokkas
  8 bats
  6 frilled lizards
  6 gnoll skeletons (Ossuary)
  A goblin skeleton (Ossuary)
  4 goblin zombies (Ossuary)
  5 hobgoblin skeletons (Ossuary)
  7 hobgoblin zombies (Ossuary)
  3 kobold skeletons (Ossuary)
  6 kobold zombies (Ossuary)
  3 orc skeletons (Ossuary)
  2 orc zombies (Ossuary)
  2 rats
  7 rat skeletons (Ossuary)
  4 rat zombies (Ossuary)
191 creatures vanquished.

Vanquished Creatures (others)
  2 fungi (D:7)
2 creatures vanquished.

Grand Total: 193 creatures vanquished

Notes
Turn   | Place    | Note
-------+----------+-------------------------------------------
     0 | D:1      | HoaS the Formicid Hunter began the quest for the Orb.
     0 | D:1      | Reached XP level 1. HP: 16/16 MP: 1/1
   166 | D:1      | Reached XP level 2. HP: 22/22 MP: 2/2
   213 | D:1      | Found Xupsecil's Armour Shop.
   469 | D:1      | Reached XP level 3. HP: 27/27 MP: 3/3
   665 | D:2      | Reached skill level 5 in Ranged Weapons
   802 | D:2      | Identified the +6 spear "Gram" {drain, rF+ Int+4}
   910 | D:2      | Reached XP level 4. HP: 33/33 MP: 4/4
   957 | D:2      | Found a faded altar of an unknown god.
  1560 | D:3      | Reached skill level 6 in Ranged Weapons
  1560 | D:3      | Reached XP level 5. HP: 26/38 MP: 5/5
  1712 | D:3      | Noticed Natasha
  2110 | D:3      | Killed Natasha
  2111 | D:3      | Reached XP level 6. HP: 44/44 MP: 6/6
  2171 | D:3      | Noticed Jessica
  2248 | D:3      | Noticed Sigmund
  2254 | D:3      | Killed Sigmund
  2255 | D:3      | Reached skill level 7 in Ranged Weapons
  2446 | D:4      | You fall into a shaft and drop 1 floor!
  2446 | D:5      | Entered Level 5 of the Dungeon
  2475 | D:5      | Reached skill level 8 in Ranged Weapons
  2475 | D:5      | Reached XP level 7. HP: 48/50 MP: 7/7
  2629 | D:4      | Noticed Menkaure
  2632 | D:4      | Killed Menkaure
  2748 | D:4      | Reached skill level 9 in Ranged Weapons
  2808 | D:4      | Identified the +1 dagger "Noaneung" {heavy, rF+ Int+3
                  | Dex+3}
  2821 | D:4      | Reached XP level 8. HP: 55/56 MP: 8/8
  2935 | D:4      | Found a stormy altar of Qazlal.
  3046 | D:4      | Found a runed translucent door.
  3047 | D:4      | Noticed Crazy Yiuf
  3210 | D:4      | Killed Crazy Yiuf
  3355 | D:5      | Found a glowing golden altar of the Shining One.
  3355 | D:5      | Found a white marble altar of Elyvilon.
  3355 | D:5      | Found a glowing silver altar of Zin.
  3359 | D:5      | Became a worshipper of Zin the Law-Giver
  3359 | D:5      | Reached * piety under Zin
  3501 | D:5      | Reached ** piety under Zin
  3506 | D:5      | Found an opulent altar of Gozag.
  3634 | D:6      | Reached skill level 1 in Invocations
  3840 | D:5      | Reached skill level 10 in Ranged Weapons
  4126 | D:6      | Identified the +1 ring mail "Suschoj" {*Corrode Int+5
                  | Dex+4}
  4130 | D:6      | Found a staircase to the Ecumenical Temple.
  4400 | D:6      | Reached *** piety under Zin
  4718 | D:6      | Reached XP level 9. HP: 22/61 MP: 11/11
  4968 | D:7      | Found a shimmering altar of Xom.
  4978 | D:7      | Found an iron altar of Okawaru.
  4984 | D:7      | Reached skill level 11 in Ranged Weapons
  5270 | D:7      | Found a sand-covered staircase.
  5275 | Ossuary  | Entered an ossuary
  5385 | Ossuary  | Reached **** piety under Zin
  5749 | Ossuary  | Reached skill level 12 in Ranged Weapons
  6327 | D:7      | Noticed a two-headed ogre
  6337 | D:7      | Killed a two-headed ogre
  6338 | D:7      | Reached skill level 13 in Ranged Weapons
  6338 | D:7      | Reached XP level 10. HP: 38/67 MP: 13/13
  6757 | D:8      | Found Fulewa's Magic Scroll Emporium.
  6866 | D:8      | Noticed a two-headed ogre
  6872 | D:8      | HP: 2/67 [two-headed ogre/+0 giant club (12)]
  6873 | D:8      | Mangled by a two-headed ogre

Illustrated notes

Levels and vault maps discovered:
D:1:      saegor_arrival_under_anarchy, layout_loops_cross, serial_shops,
          nicolae_shop_advertising_works [nicolae_subvault_shop_adworks]
D:2:      layout_loops_ring, ebering_ecumenical_altar_rust
D:3:      layout_rooms, serial_co_window_serial, co_window_paths_a,
          co_window_paths_b, co_window_paths_a, co_window_corner_a,
          co_window_paths_a, co_window_of_opportunity_b, co_window_broadway_c,
          co_window_2corner, co_window_corner_cb, co_window_cross_3,
          co_window_4corner_a, co_window_paths_e, kennysheep_generic_room_6,
          uniq_jessica, uniq_sigmund, uniq_natasha
D:4:      layout_cave_pools, marbit_many_paths, uniq_menkaure,
          uniq_crazy_yiuf_cottage
D:5:      minmay_angry_zag, layout_rooms, good_gods_mini_temple,
          mainiacjoe_overflow_alcove_4
D:6:      layout_loops_cross, minmay_temple_entry_mini_moons
D:7:      layout_loops_ring, mainiacjoe_overflow_big_doors, enter_ossuary_5
D:8:      layout_loops_corners, nicolae_wu_jian_wuxing_cycle,
          grunt_ashenzari_visionary [grunt_ashenzari_visionary_shoals,
          grunt_ashenzari_visionary_spider], nemelex_spade_bored_becter,
          erik_lair_island, serial_shops, nicolae_stop_n_shop_2,
          hangedman_abyss_or_decor_stagger, minmay_hedge_maze,
          minmay_stone_trees_small

Skill      XL: |  1  2  3  4  5  6  7  8  9 |
---------------+----------------------------+-----
Ranged Weapons | 5 6 8 9 10 13 | 13.9
Invocations    | 3 4 |  4.0
Fighting       | |  2.1
Dodging        | |  1.7
Stealth        | |  1.2

Action                     |  1- 3 |  4- 6 |  7- 9 | 10-12 || total
---------------------------+-------+-------+-------+-------++-------
   Fire: Shortbow          |    60 |    85 |   323 |    45 ||   513
Ability: Shaft Self        |       |       |       |     1 ||     1
    Use: Scroll            |     5 |     8 |    12 |     5 ||    30
         Potion            |       |       |     1 |       ||     1
 Armour: Leather armour    |     4 |     3 |    34 |     1 ||    42
  Dodge: Dodged            |     7 |    11 |    63 |     7 ||    88

Table legend: (Time is in decaauts)
 A = Elapsed time spent in this place.
 B = Non-inter-level travel time spent in this place.
 C = Inter-level travel time spent in this place.
 D = Time resting spent in this place.
 E = Time spent auto-exploring this place.
 F = Levels seen in this place.
 G = Mean time per level.
                   A        B        C        D        E       F      G
               +--------+--------+--------+--------+--------+-----+--------+
         Total |   6903 |   6703 |    200 |   1395 |   4124 |   9 |  767.0 |
       Dungeon |   6229 |   6029 |    200 |   1189 |   3875 |   8 |  778.6 |
       Ossuary |    673 |    673 |      0 |    206 |    249 |   1 |  673.0 |
               +--------+--------+--------+--------+--------+-----+--------+

Top non-repeatable levels by time:
     D:7: 1137 daAuts
     D:6: 1108 daAuts
     D:3: 1099 daAuts
     D:4: 744 daAuts
     D:2: 705 daAuts
     D:5: 702 daAuts
 Ossuary: 673 daAuts
     D:1: 620 daAuts
     D:8: 111 daAuts
